 Dungeon Crawl Stone Soup version 0.14-a0-3147-g40b18b1 (webtiles) character file.

347612 ProjectEKO the Warrior (level 20, -5/182 (184) HPs)
             Began as a Minotaur Death Knight on Mar 7, 2014.
             Was the Champion of Yredelemnul.
             Slain by a deep troll earth mage (16 damage)
             ... on Level 2 of the Depths on Mar 9, 2014.
             The game lasted 07:56:46 (69606 turns).

ProjectEKO the Warrior (Minotaur Death Knight)     Turns: 69606, Time: 07:56:47

HP  -5/182 (184) AC 19     Str 21      XL: 20   Next: 78%
MP  23/30        EV  9     Int 20      God: Yredelemnul [******]
Gold 3079        SH 31     Dex 12      Spells:  8 memorised,  9 levels left

rFire  + . .     SeeInvis .     u - +8,+6 demon trident
rCold  + + +     Clarity  .     Y - +0 scale mail of the Harp {Int+3 Dam+6}
rNeg   + . .     Conserve .     N - +3 shield {reflect}
rPois  .         rCorr    .     f - -1 hat {Int+3}
rElec  .         rRot     .     K - +1 cloak of Love and Death {rC+}
SustAb . .       Spirit   .     t - +0 pair of gloves "Trodutagh" {rF+ rC++ rN+ Dex+2}
rMut   .         Warding  .     d - +1 pair of boots {Fly}
Gourm  +         Stasis   .     V - amulet of the gourmand
MR     +....                    D - +2 ring of protection
                                h - ring of wizardry

@: repel missiles, flying, somewhat resistant to hostile enchantments, extremely
unstealthy
A: retaliatory headbutt, fangs 1, horns 2, shaggy fur 1
a: Animate Dead, Recall Undead Slaves, Injury Mirror, Drain Life, Enslave Soul,
Renounce Religion, Stop Flying
}: 3/15 runes: barnacled, silver, gossamer


You were on level 2 of the Depths.
You worshipped Yredelemnul.
Yredelemnul was exalted by your worship.
You were not hungry.

You visited 8 branches of the dungeon, and saw 46 of its levels.
You also visited: Ice Cave.

You collected 5238 gold pieces.
You spent 2159 gold pieces at shops.

Inventory:

Hand weapons
 r - a +4,+2 demon blade
 u - a +8,+6 demon trident (weapon)
Missiles
 g - 7 steel javelins (quivered)
Armour
 b - a +0 pair of gloves
 d - a +1 pair of boots of flying (worn)
 f - a -1 hat of intelligence (worn)
 t - the +0 pair of gloves "Trodutagh" (worn) {rF+ rC++ rN+ Dex+2}
   (You bought it in a shop on level 2 of the Depths)

   It affects your dexterity (+2).
   It protects you from fire.
   It greatly protects you from cold.
   It protects you from negative energy.
 K - the +1 cloak of Love and Death (worn) {rC+}
   (You bought it in a shop on level 2 of the Orcish Mines)

   It protects you from cold.
 N - a +3 shield of reflection (worn)
 Y - the +0 scale mail of the Harp (worn) {Int+3 Dam+6}
   (You found it on level 9 of the Dungeon)

   It affects your intelligence (+3).
   It affects your damage with ranged weapons and melee attacks (+6).
Magical devices
 a - a wand of heal wounds (0)
 m - a wand of magic darts (12)
 n - a wand of random effects (16)
 p - a wand of hasting (1)
 x - a wand of teleportation (5)
 B - a wand of digging (9)
Comestibles
 c - 16 bread rations
 s - a pear
Scrolls
 j - a scroll of fear
 H - a scroll of magic mapping
 W - 2 scrolls of teleportation
Jewellery
 h - a ring of wizardry (left hand)
 l - an uncursed amulet of resist mutation
 q - an uncursed ring of poison resistance
 A - an uncursed ring of protection from fire
 D - a +2 ring of protection (right hand)
 E - an uncursed ring of see invisible
 J - an uncursed ring of ice
 L - an uncursed ring of protection from cold
 U - an uncursed amulet of conservation
 V - an amulet of the gourmand (around neck)
Potions
 e - a potion of might
 i - a potion of restore abilities
 k - a potion of brilliance
 o - a potion of curing
 O - a potion of berserk rage
 X - a potion of resistance


   Skills:
 - Level 17.3 Fighting
 - Level 14.0 Polearms
 - Level 16.2 Armour
 - Level 1.1 Dodging
 - Level 15.0 Shields
 - Level 4.3 Unarmed Combat
 - Level 4.5 Spellcasting
 + Level 14.1 Hexes
 - Level 8.5 Charms
 - Level 5.3 Summonings
 - Level 2.0 Air Magic
 - Level 12.0 Invocations


You had 9 spell levels left.
You knew the following spells:

 Your Spells              Type           Power        Failure   Level  Hunger
a - Summon Butterflies    Summ           ####....     1%          1    None
b - Repel Missiles        Chrm/Air       ####..       1%          2    #......
c - Regeneration          Chrm/Necr      ###.......   4%          3    ###....
d - Abjuration            Summ           ####......   4%          3    ###....
e - Blink                 Tloc           N/A          12%         2    #......
f - Confusing Touch       Hex            ######....   1%          1    None
g - Silence               Hex/Air        #####.....   9%          5    #####..
h - Shroud of Golubria    Chrm/Tloc      ###.......   2%          2    #......


Dungeon Overview and Level Annotations

Branches:
Dungeon (16/16)            Temple (0/1) D:4             Orc (4/4) D:12
    Elf (0/3) Orc:4          Lair (8/8) D:9          Shoals (5/5) Lair:5
 Spider (5/5) Lair:5        Slime (0/6) Lair:6       Vaults (5/5) D:15
  Blade (1/1) Vaults:4      Crypt (0/5) Vaults:2     Depths (2/6) D:16

Altars:
Dithmenos
Elyvilon
Fedhas
Nemelex Xobeh
Okawaru
Trog
Jiyva

Shops:
D:9 =   D:14 [   Orc:2 *   Orc:3 *[[   Orc:4 [*(:(   Vaults:2 :   Vaults:4 }
Depths:2 *

Portals:
Hell: Depths:1
Trove: Depths:1 (give +5,+5 demon blade)

Annotations:
D:9 1 exclusion
Depths:1 exclusion: silver statue


Innate Abilities, Weirdness & Mutations

You reflexively headbutt those who attack you in melee.
You have a pair of horns on your head.
You have very sharp teeth.
You are covered in fur (AC +1).


Message History

The deep troll shaman calls upon its god to speed up the deep troll earth mage.
The deep troll earth mage seems to speed up.
Unknown command.
You puncture the deep troll shaman!
The deep troll shaman's soul is now yours.
You block the deep troll earth mage's attack.
The deep troll earth mage claws you! The deep troll earth mage claws you.
The deep troll bites you!
* * * LOW HITPOINT WARNING * * *
The deep troll closely misses you. You block the deep troll's attack.
You are too injured to fight recklessly!
Your spectral deep troll bites the deep troll earth mage!
Your spectral deep troll claws the deep troll earth mage.
Your spectral deep troll misses the deep troll earth mage.
Your skeletal warrior hits the deep troll with a hand axe!
The deep troll earth mage bites you!
* * * LOW HITPOINT WARNING * * *
The deep troll earth mage claws you!
You die...
Your body rises from the dead as a mindless zombie.

#.......# #.......#
########.......#####
........(.[[......#
###.####.<.....###.#
#....#####.#######.#
#....%%.............
##..∩.......####......
#.>...@T..#.####
..(...
##.....TW.......
......
####..z....####.....!.
#.(.....# ...
#.......#
#####.......#
#.....(.....#
#####.(.....#
#.......#


You could see a deep troll, a deep troll earth mage, a friendly skeletal warrior
and a friendly spectral deep troll.

Vanquished Creatures
  A golden dragon (Vaults:5)
  A titan (Vaults:5)
  A storm dragon (D:15)
  3 sphinxes
  3 tengu reavers
  The ghost of purge the Warrior, a mighty DsFi of Makhleb (Depths:1)
  A fire giant (Vaults:1)
  2 frost giants (Depths:1)
  A ghost moth (Spider:2)
  6 vault wardens
  An orc warlord (Orc:4)
  A deep elf sorcerer (Vaults:5)
  2 emperor scorpions
  Jorgrun (Shoals:5)
  2 stone giants
  A deep elf annihilator (D:15)
  A dire elephant (Depths:1)
  A minotaur (shapeshifter) (Depths:1)
  2 fire dragons
  A great orb of eyes (Vaults:1)
  3 ettins
  2 merfolk impalers
  A large abomination (Vaults:5)
  3 vault guards
  3 sirens
  9 ironheart preservers
  A yaktaur captain (Vaults:2)
  2 ice dragons
  2 hydras
  A merfolk aquamancer (Shoals:5)
  5 dancing weapons
  A ravenous item mimic (Vaults:5)
  A ravenous feature mimic (Vaults:3)
  4 ogre magi
  A deep troll earth mage (Vaults:5)
  An orc high priest (Orc:4)
  A deep dwarf death knight (Vaults:2)
  A death yak (Shoals:4)
  A rakshasa (D:16)
  3 centaur warriors
  A catoblepas (Lair:8)
  4 very ugly things
  A shadow wraith (Vaults:3)
  The ghost of SGrunt the Covert, a powerful VSEn of Dithmenos (IceCv)
  A fire crab (shapeshifter) (D:16)
  2 deep elf conjurers
  A hell knight (Vaults:1)
  4 orb spiders
  A spriggan zombie (Depths:1)
  An iron troll (Vaults:4)
  A skeletal warrior (Vaults:1)
  3 sea snakes
  9 deep trolls
  2 wizards
  An unseen horror (D:11)
  3 water nymphs
  Pikel (D:5)
  4 ironbrand convokers
  10 hill giants
  2 necromancers (Depths:1)
  12 harpies
  7 orc knights
  Joseph (D:11)
  A wolf spider zombie (D:15)
  An orc sorcerer (Vaults:3)
  A flaming corpse (Shoals:4)
  A spriggan druid (Lair:8)
  2 phantasmal warriors (Vaults:5)
  7 griffons
  A tengu skeleton (Depths:1)
  14 wolf spiders
  3 manticores
  4 red wasps
  A black mamba (Lair:6)
  3 cyclopes
  8 elephants
  2 octopodes
  A dire elephant zombie (Depths:1)
  A moth of wrath (Spider:5)
  5 vault sentinels
  2 feature mimics
  7 spiny frogs
  7 fauns
  Psyche (Orc:1)
  An orange demon (Orc:4)
  2 centaur zombies
  A fire drake (Lair:7)
  6 mermaids
  9 yaktaurs
  8 deep elf priests
  5 spriggans (Lair:8)
  A red devil (Depths:1)
  10 demonic crawlers
  7 trolls
  4 giant fireflies (Lair:8)
  A guardian mummy (Depths:1)
  5 two-headed ogres
  A jumping spider (shapeshifter) (D:16)
  4 komodo dragons
  2 hydra zombies
  5 merfolk
  A wind drake (Shoals:5)
  13 slime creatures
  Prince Ribbit (D:4)
  A human simulacrum (Vaults:2)
  18 blink frogs
  A boulder beetle (shapeshifter) (Depths:1)
  4 boulder beetles
  13 jumping spiders
  2 snapping turtles
  A stone giant simulacrum (Vaults:2)
  2 water elementals
  2 formicids
  3 grizzly bears (Lair:8)
  5 sharks
  17 redbacks
  2 vampires
  A griffon skeleton (D:10)
  3 wyverns
  A basilisk (shapeshifter) (D:16)
  10 tarantellas
  13 trapdoor spiders
  An elf zombie (Depths:1)
  26 ugly things
  A deep troll skeleton (Depths:1)
  Eustachio (Orc:2)
  An elephant slug (Lair:8)
  12 yaks
  6 hippogriffs
  Grum (D:10)
  18 orc warriors
  2 hungry ghosts
  A deep elf mage (Vaults:1)
  2 vampire mosquitoes (Vaults:1)
  7 deep elf fighters
  19 wolves
  A human zombie (D:11)
  Edmund (D:5)
  Menkaure (D:4)
  A water moccasin (shapeshifter) (Depths:1)
  3 wargs
  A merfolk zombie (Shoals:4)
  A soldier ant (D:12)
  6 porcupines
  10 water moccasins
  A mottled dragon (D:11)
  A sky beast (D:8)
  3 black bears (Lair:8)
  3 phantoms
  19 spiders
  26 ogres
  A manticore zombie (Shoals:4)
  10 ice beasts
  3 yellow wasps
  2 giant goldfish (Spider:3)
  A blink frog skeleton (D:15)
  21 centaurs
  6 big kobolds
  14 crocodiles
  8 giant slugs
  12 giant frogs
  2 brain worms (Spider:5)
  An eye of draining (D:13)
  A boulder beetle zombie (Vaults:2)
  7 scorpions
  7 killer bees
  4 wights (D:12)
  3 quasits
  3 goliath beetles
  2 electric eels (Spider:3)
  8 crimson imps
  16 orc priests
  9 hounds
  6 iguanas
  19 orc wizards
  15 worker ants
  16 sheep
  An ogre skeleton (D:9)
  4 boggarts
  7 gnolls
  18 adders
  36 green rats
  3 giant mites
  A white imp (Vaults:3)
  4 worms
  2 ufetubi
  3 orc zombies
  5 giant eyeballs
  3 orc skeletons
  2 giant geckos
  6 oozes
  135 orcs
  21 bats
  A bat zombie (D:5)
  4 giant cockroaches
  26 hobgoblins
  31 jackals
  7 quokkas
  2 ball pythons (D:3)
  A giant gecko zombie (D:6)
  A giant newt (D:4)
  A giant spore (Depths:1)
  17 goblins
  A goblin skeleton (D:5)
  2 hobgoblin zombies
  2 illusory rakshasas
  21 kobolds
  28 rats
  A spectral orc (Lair:7)
  8 ballistomycetes
  A butterfly (Lair:4)
  A crawling corpse (Vaults:1)
  9 fungi
  2 plants
  A tentacle (Shoals:5)
1203 creatures vanquished.

Vanquished Creatures (collateral kills)
  An ancient lich (Vaults:5)
  Saint Roka (Shoals:4)
  Sojobo (Vaults:5)
  Margery (Vaults:3)
  Norris (Spider:3)
  Mara (Vaults:2)
  A golden dragon (Vaults:4)
  Xtahua (Vaults:5)
  Frederick (Vaults:5)
  A bone dragon (Vaults:5)
  4 tentacled monstrosities (Vaults:5)
  A player illusion (Vaults:2)
  4 titans
  A sphinx (Vaults:3)
  A lich (Vaults:5)
  A kraken (Shoals:5)
  Polyphemus (Shoals:4)
  Rupert (Shoals:2)
  3 shadow dragons (Vaults:5)
  5 tengu reavers
  A storm dragon (Vaults:5)
  8 fire giants
  A deep elf sorcerer (Vaults:5)
  Donald (Spider:2)
  3 frost giants
  2 ghost moths (Spider:5)
  2 iron dragons (Vaults:5)
  Ilsuiw (Shoals:3)
  8 vault wardens
  Aizul (Shoals:4)
  An orc warlord (Vaults:5)
  A deep elf demonologist (Vaults:5)
  A war gargoyle (Vaults:5)
  4 emperor scorpions (Spider:5)
  9 stone giants
  A vampire knight (Vaults:2)
  7 merfolk javelineers
  26 vault guards
  Snorg (Shoals:4)
  5 merfolk impalers (Shoals:5)
  A deep elf death mage (Vaults:5)
  3 fire dragons
  4 ettins
  A great orb of eyes (Vaults:2)
  9 ironheart preservers
  A siren (Shoals:5)
  4 merfolk aquamancers (Shoals:5)
  A small abomination (Vaults:1)
  21 dancing weapons
  4 ogre magi
  9 yaktaur captains
  Erica (Lair:5)
  5 deep troll earth magi
  A deep elf high priest (Vaults:4)
  4 alligator snapping turtles (Shoals:5)
  3 satyrs
  An ice dragon (Vaults:4)
  3 rakshasas
  3 death yaks (Shoals:4)
  A tengu warrior (Depths:1)
  3 deep troll shamans
  3 orc high priests (Orc:4)
  A catoblepas (Shoals:4)
  5 hell knights (Vaults:3)
  4 deep elf knights
  15 centaur warriors
  9 deep trolls
  3 iron trolls
  3 skeletal warriors
  12 orb spiders
  2 shadow wraiths
  3 unseen horrors
  2 very ugly things
  7 sea snakes
  A wizard (Depths:1)
  A hill giant (Depths:1)
  A giant orange brain (Vaults:2)
  14 ironbrand convokers
  3 necromancers
  4 water nymphs
  A harpy (shapeshifter) (D:15)
  A shadow dragon zombie (Vaults:5)
  16 orc knights
  20 harpies
  2 deep elf conjurers
  7 griffons
  15 wolf spiders
  3 cyclopes
  3 octopodes
  5 manticores
  6 orc sorcerers
  A phantasmal warrior (Vaults:5)
  17 slime creatures
  A stone giant skeleton (Vaults:2)
  4 red wasps
  An elephant (Lair:5)
  A sixfirhy (Vaults:5)
  A black mamba (Lair:4)
  A human skeleton (Vaults:5)
  A black mamba (shapeshifter) (Vaults:4)
  3 fauns
  6 giant fireflies (Lair:8)
  9 vault sentinels
  A feature mimic (Lair:2)
  3 spiny frogs
  40 yaktaurs
  7 demonic crawlers
  A spiny frog (shapeshifter) (Vaults:5)
  An orange demon (Orc:4)
  5 mermaids
  An iron devil (Orc:4)
  A spectral ogre (Vaults:5)
  A blue devil (Vaults:5)
  3 fire drakes
  4 spriggans (Lair:8)
  A red devil (Orc:4)
  A queen bee (shapeshifter) (Vaults:2)
  A tengu conjurer (Depths:1)
  A yaktaur (shapeshifter) (Vaults:5)
  An iron troll skeleton (Vaults:5)
  4 freezing wraiths
  A giant firefly (shapeshifter) (Vaults:2)
  A spectral harpy (Vaults:5)
  5 trolls
  4 deep elf priests
  A centaur skeleton (D:15)
  26 merfolk
  Sonja (Orc:3)
  5 jumping spiders
  A fire giant simulacrum (Depths:1)
  A komodo dragon (Lair:4)
  7 boulder beetles
  3 ravens (Depths:1)
  2 hydra skeletons (D:15)
  2 wind drakes
  A slime creature (shapeshifter) (Vaults:5)
  7 two-headed ogres
  19 blink frogs
  4 grizzly bears (Lair:8)
  An air elemental (Vaults:5)
  4 snapping turtles
  6 water elementals
  4 brown oozes
  21 redbacks
  18 trapdoor spiders
  2 formicids
  3 deep elf magi
  10 tarantellas
  A hill giant zombie (D:13)
  A wyvern (shapeshifter) (Vaults:5)
  2 shadows
  10 yaks
  2 wraiths
  A wyvern (D:15)
  9 sharks
  10 vampire mosquitoes
  10 deep elf fighters
  7 hippogriffs
  33 ugly things
  3 water moccasins
  7 crocodiles
  A human zombie (D:15)
  9 wolves
  4 wargs
  2 mottled dragons
  5 porcupines
  A swamp drake (D:12)
  2 sky beasts
  37 orc warriors
  A soldier ant (D:12)
  16 spiders
  2 yellow wasps (Spider:5)
  4 giant goldfish (Spider:3)
  22 ogres
  3 black bears (Lair:8)
  A manticore zombie (D:9)
  20 centaurs
  A big kobold (D:15)
  A brain worm (Spider:5)
  2 giant slugs
  A boring beetle (shapeshifter) (Vaults:3)
  A giant slug zombie (D:15)
  4 giant frogs
  A yaktaur skeleton (D:15)
  A cyclops skeleton (D:15)
  A scorpion (Spider:3)
  5 wights
  2 killer bees (D:15)
  A goliath beetle (Spider:3)
  A jelly (D:9)
  3 crimson imps
  3 big fish (Spider:3)
  A hound (D:14)
  18 orc priests
  A basilisk skeleton (D:13)
  3 iguanas
  26 orc wizards
  9 spectral orcs (Lair:7)
  8 sheep
  2 boggarts (D:16)
  A mummy (D:12)
  6 adders
  17 green rats
  2 giant mites (Spider:1)
  2 worms
  An adder zombie (D:8)
  78 orcs
  3 bats
  A giant cockroach (Spider:2)
  5 goblins
  2 hobgoblins
  9 jackals
  6 quokkas
  A giant cockroach zombie (Spider:5)
  A giant gecko (Lair:4)
  A gnoll zombie (D:5)
  2 illusory rakshasas
  5 kobolds
  6 orc zombies (Orc:4)
  5 rats
  A ballistomycete (D:6)
  4 bushes
  A butterfly (Lair:4)
  11 fungi
  14 plants
  3 tentacles (Shoals:5)
1164 creatures vanquished.

Vanquished Creatures (others)
  2 profane servitors
  A bone dragon (Vaults:5)
  3 ghouls
  A spectral tengu (Vaults:5)
  3 spectral elves (Vaults:5)
  7 death cobs
  8 human zombies
  A shadow wraith (Vaults:4)
  6 skeletal warriors
  A tengu zombie (Vaults:5)
  9 flayed ghosts
  A small abomination (Vaults:5)
  6 flaming corpses
  5 phantasmal warriors
  2 wolf spider zombies
  A stone giant zombie (Vaults:5)
  2 spectral deep trolls
  A fire giant zombie (Vaults:5)
  A deep dwarf zombie (Shoals:5)
  A human skeleton (Vaults:5)
  2 drowned souls (Shoals:3)
  A red wasp (Spider:5)
  An alligator snapping turtle zombie (Shoals:5)
  A merfolk skeleton (Shoals:5)
  A yaktaur (Vaults:4)
  A redback zombie (Spider:2)
  2 sea snake zombies
  4 harpy zombies
  A jumping spider zombie (Spider:5)
  3 harpy skeletons
  A siren zombie (Shoals:5)
  6 tarantella zombies
  2 red wasp zombies
  3 trapdoor spider zombies
  A griffon zombie (Shoals:5)
  A fire dragon zombie (Depths:1)
  A snapping turtle (Shoals:5)
  A tarantella (Spider:5)
  An ugly thing zombie (D:15)
  7 flying skulls
  An ice dragon skeleton (Depths:2)
  2 wraiths
  A hill giant zombie (Vaults:1)
  5 spriggan zombies (Lair:8)
  4 giant firefly zombies (Lair:8)
  6 vampires
  3 raven zombies (Depths:1)
  A deep troll zombie (Vaults:4)
  4 merfolk zombies
  A water nymph zombie (Shoals:3)
  4 orb spider zombies
  3 spiny frog zombies
  A snapping turtle zombie (Shoals:5)
  2 spectral ogres
  2 blink frog zombies (Lair:5)
  3 slaves
  3 elephant zombies
  3 vampire mosquito zombies (Vaults:1)
  A giant slug (Lair:1)
  A blink frog skeleton (Lair:5)
  A centaur (Shoals:4)
  A fire drake zombie (Lair:7)
  A giant slug zombie (Lair:8)
  A wyvern zombie (Lair:5)
  6 spider zombies
  3 mermaid zombies (Shoals:5)
  An octopode zombie (Shoals:2)
  7 yaktaur zombies
  A water moccasin zombie (Lair:8)
  2 yak zombies
  2 boulder beetle zombies
  A shark zombie (Shoals:4)
  2 hippogriff zombies
  A troll zombie (Orc:1)
  A warg skeleton (Shoals:4)
  3 elf zombies
  3 grizzly bear zombies (Lair:8)
  6 wolf zombies
  A wight (Lair:2)
  2 wolf skeletons (Lair:8)
  6 centaur zombies
  A giant frog zombie (D:9)
  An elf skeleton (Vaults:5)
  A jelly (D:5)
  A worker ant (D:6)
  2 killer bee zombies (D:15)
  A brain worm zombie (Spider:5)
  2 crocodile zombies
  4 sheep (Lair:1)
  4 ogre zombies
  2 hound skeletons
  A mummy (Lair:1)
  2 worker ant zombies
  A worm zombie (D:9)
  A scorpion zombie (D:4)
  2 sheep skeletons (Shoals:4)
  A sheep zombie (Shoals:4)
  2 orc skeletons
  2 orcs
  A bat skeleton (Lair:2)
  A bat zombie (Lair:2)
  11 green rat zombies
  3 giant spores
  A gnoll zombie (D:5)
  A hobgoblin skeleton (Orc:2)
  A hobgoblin zombie (D:9)
  6 jackal zombies
  A kobold (D:15)
  2 kobold zombies (D:8)
  41 orc zombies
  A quokka skeleton (Lair:4)
  A rat zombie (Lair:2)
  A spectral orc (Lair:7)
  2 ballistomycetes (D:6)
  2 fungi (Lair:7)
  5 plants (Shoals:5)
  19 tentacles (Shoals:5)
  69 tentacle segments (Shoals:5)
406 creatures vanquished.

Grand Total: 2773 creatures vanquished

Notes
Turn   | Place    | Note
--------------------------------------------------------------
     0 | D:1      | ProjectEKO, the Minotaur Death Knight, began the quest for the Orb.
     0 | D:1      | Reached XP level 1. HP: 18/18 MP: 1/1
   139 | D:1      | Reached skill level 3 in Polearms
   264 | D:1      | Reached XP level 2. HP: 25/25 MP: 1/1
   700 | D:2      | Acquired Yredelemnul's second power
   788 | D:2      | Reached skill level 4 in Polearms
   846 | D:2      | Reached XP level 3. HP: 30/30 MP: 3/3
  1043 | D:2      | Reached skill level 5 in Polearms
  1055 | D:2      | Reached XP level 4. HP: 29/37 MP: 3/3
  1878 | D:3      | Reached skill level 6 in Polearms
  2463 | D:4      | Reached XP level 5. HP: 32/42 MP: 4/4
  2503 | D:4      | Noticed Menkaure
  2528 | D:4      | Killed Menkaure
  2528 | D:4      | Reached skill level 7 in Polearms
  2528 | D:4      | Reached XP level 6. HP: 34/50 MP: 5/5
  2612 | D:4      | Noticed Prince Ribbit
  2630 | D:4      | Killed Prince Ribbit
  2630 | D:4      | Reached skill level 9 in Polearms
  3000 | D:4      | Reached XP level 7. HP: 56/56 MP: 5/5
  3167 | D:4      | Found a staircase to the Ecumenical Temple.
  3582 | D:4      | Noticed an ogre
  3590 | D:4      | Killed an ogre
  3590 | D:4      | Reached skill level 10 in Polearms
  3597 | D:4      | Paralysed by a giant eyeball for 4 turns
  3603 | D:4      | Paralysed by a giant eyeball for 4 turns
  3879 | D:5      | Entered Level 5 of the Dungeon
  3910 | D:5      | Found a white marble altar of Elyvilon.
  4242 | D:5      | Reached skill level 11 in Polearms
  4344 | D:5      | Reached XP level 8. HP: 52/62 MP: 6/6
  4885 | D:5      | Noticed Edmund
  4912 | D:5      | Killed Edmund
  4912 | D:5      | Reached skill level 12 in Polearms
  5381 | D:6      | Noticed Pikel
  5382 | D:6      | Found a viscous altar of Jiyva.
  5537 | D:5      | Killed Pikel
  5537 | D:5      | Reached skill level 13 in Polearms
  5537 | D:5      | Reached XP level 9. HP: 62/68 MP: 7/7
  5560 | D:6      | Acquired Yredelemnul's third power
  5564 | D:6      | Paralysed by a giant eyeball for 2 turns
  5885 | D:6      | Gained mutation: Your vision is a little blurry. [potion of mutation]
  5885 | D:6      | Gained mutation: Your vision is quite blurry. [potion of mutation]
  5885 | D:6      | Gained mutation: You can breathe flames. [potion of mutation]
  5887 | D:6      | Gained mutation: Your muscles are strong. (Str +2) [potion of mutation]
  5887 | D:6      | Gained mutation: You are agile. (Dex +2) [potion of mutation]
  6289 | D:6      | Gained mutation: You tend to lose your temper in combat. [potion of mutation]
  6289 | D:6      | Lost mutation: You can breathe flames. [potion of mutation]
  6289 | D:6      | Gained mutation: You are covered in fur (AC +1). [potion of mutation]
  6509 | D:6      | Reached skill level 14 in Polearms
  6557 | D:6      | Reached skill level 1 in Shields
  7212 | D:7      | Received a gift from Yredelemnul
  7397 | D:7      | Lost mutation: You tend to lose your temper in combat. [potion of cure mutation]
  7397 | D:7      | Lost mutation: Your muscles are strong. (Str +2) [potion of cure mutation]
  7397 | D:7      | Lost mutation: Your vision is quite blurry. [potion of cure mutation]
  7397 | D:7      | Lost mutation: Your vision is a little blurry. [potion of cure mutation]
  7397 | D:7      | Lost mutation: You are agile. (Dex +2) [potion of cure mutation]
  7521 | D:7      | Gained mutation: You have very sharp teeth. [potion of beneficial mutation]
  7951 | D:8      | Paralysed by a giant eyeball for 4 turns
  8155 | D:8      | Reached skill level 5 in Fighting
  8287 | D:8      | Acquired Yredelemnul's fourth power
  8605 | D:8      | Received a gift from Yredelemnul
  8659 | D:8      | Reached skill level 5 in Shields
  9123 | D:9      | Received a gift from Yredelemnul
  9342 | D:9      | Identified the Compendium of Boosts and Black Rituals (You found it on level 9 of the Dungeon)
  9557 | D:9      | Found Marej's Jewellery Emporium.
  9564 | D:9      | Bought an uncursed ring of poison resistance for 300 gold pieces
  9602 | D:9      | Reached skill level 5 in Invocations
  9602 | D:9      | Reached XP level 10. HP: 61/83 MP: 12/12
  9711 | D:9      | Paralysed by a giant eyeball for 2 turns
  9716 | D:9      | Found a sparkling altar of Nemelex Xobeh.
  9731 | D:9      | Found a blossoming altar of Fedhas.
  9737 | D:9      | Found a shadowy altar of Dithmenos.
  9902 | D:9      | Gained mutation: You have a fast metabolism. [mutagenic meat]
  9904 | D:9      | Lost mutation: You have a fast metabolism. [mutagenic meat]
  9978 | D:9      | Got a warped scale mail
  9979 | D:9      | Identified the cursed +0 scale mail of the Harp {Int+3 Dam+6} (You found it on level 9 of the Dungeon)
 10169 | D:9      | Found a staircase to the Lair.
 10173 | Lair:1   | Entered Level 1 of the Lair of Beasts
 10399 | Lair:2   | Acquired Yredelemnul's fifth power
 10411 | Lair:2   | Noticed a five-headed hydra
 10505 | Lair:1   | Received a gift from Yredelemnul
 10925 | Lair:2   | Killed a five-headed hydra
 10925 | Lair:2   | Reached skill level 10 in Invocations
 11183 | Lair:2   | Received a gift from Yredelemnul
 11264 | Lair:2   | Reached XP level 11. HP: 48/91 MP: 21/21
 12441 | Lair:3   | Received a gift from Yredelemnul
 12679 | Lair:3   | Received a gift from Yredelemnul
 13592 | Lair:4   | Received a gift from Yredelemnul
 14344 | Lair:4   | Received a gift from Yredelemnul
 14920 | Lair:4   | Reached skill level 5 in Armour
 15511 | Lair:5   | Reached XP level 12. HP: 85/104 MP: 22/25
 15697 | Lair:5   | Received a gift from Yredelemnul
 15705 | Lair:5   | Found a staircase to the Shoals.
 15792 | Lair:5   | Reached skill level 10 in Fighting
 15805 | Lair:5   | Received a gift from Yredelemnul
 15880 | Lair:5   | Found a hole to the Spider Nest.
 15978 | Lair:5   | Noticed Erica
 15996 | Lair:5   | Killed Erica
 16655 | Lair:5   | Received a gift from Yredelemnul
 16809 | Lair:6   | Received a gift from Yredelemnul
 16937 | Lair:6   | Reached skill level 10 in Armour
 17139 | Lair:6   | Found a staircase to the Slime Pits.
 17185 | Lair:6   | Received a gift from Yredelemnul
 18019 | Lair:7   | Noticed a four-headed hydra
 18032 | Lair:7   | Killed a four-headed hydra
 18032 | Lair:7   | Reached XP level 13. HP: 98/119 MP: 25/25
 18032 | Lair:7   | Received a gift from Yredelemnul
 18165 | Lair:7   | Noticed Nergalle
 18188 | Lair:7   | Killed Nergalle
 18188 | Lair:7   | Enslaved Nergalle
 18923 | Lair:7   | Received a gift from Yredelemnul
 19037 | Lair:8   | Entered Level 8 of the Lair of Beasts
 19418 | Lair:8   | Received a gift from Yredelemnul
 20443 | Lair:8   | Received a gift from Yredelemnul
 22042 | D:10     | Entered Level 10 of the Dungeon
 22109 | D:10     | Found a staircase to the Lair.
 22128 | D:10     | the staircase to the Lair was a mimic.
 22564 | Lair:2   | Learned a level 1 spell: Summon Butterflies
 22567 | Lair:2   | Learned a level 2 spell: Repel Missiles
 22571 | Lair:2   | Learned a level 3 spell: Regeneration
 22575 | Lair:2   | Learned a level 3 spell: Flight
 22635 | D:10     | Noticed Grum
 22645 | D:10     | Killed Grum
 22845 | D:10     | Received a gift from Yredelemnul
 23229 | D:11     | Got a crystal mace
 23327 | D:11     | Found a frozen archway.
 23430 | IceCv    | Entered an ice cave
 23430 | IceCv    | Noticed SGrunt's ghost (powerful VSEn)
 23449 | IceCv    | Killed SGrunt's ghost
 23449 | IceCv    | Reached skill level 1 in Charms
 23449 | IceCv    | Reached skill level 1 in Summonings
 23898 | D:11     | Noticed Joseph
 23914 | D:11     | Killed Joseph
 24595 | Lair:2   | Identified the +8,+5 mace "Ymoaq" {crush, rElec rN+} (You found it on level 11 of the Dungeon)
 25165 | D:12     | Got an ancient leather armour
 25729 | D:12     | Found a staircase to the Orcish Mines.
 25774 | D:12     | Received a gift from Yredelemnul
 25949 | Orc:1    | Entered Level 1 of the Orcish Mines
 26273 | Orc:2    | Found a bloodstained altar of Trog.
 26278 | Orc:2    | Received a gift from Yredelemnul
 26380 | Orc:2    | Noticed Eustachio
 26401 | Orc:2    | Killed Eustachio
 26401 | Orc:2    | Reached XP level 14. HP: 97/133 MP: 26/26
 26421 | Orc:2    | Found Imaqost's Assorted Antiques.
 26428 | Orc:2    | Bought a bloodstained buckler for 256 gold pieces
 26428 | Orc:2    | Bought a faintly humming cloak for 256 gold pieces
 26433 | Orc:2    | Identified the +1 cloak of Love and Death {rC+} (You bought it in a shop on level 2 of the Orcish Mines)
 26441 | Orc:2    | Identified the cursed -2 buckler of the Saviour {rN+} (You bought it in a shop on level 2 of the Orcish Mines)
 26587 | Orc:1    | Received a gift from Yredelemnul
 26662 | Orc:1    | Noticed Psyche
 26672 | Orc:1    | Killed Psyche
 26847 | Orc:3    | Found Ucimuda's General Store.
 26888 | Orc:3    | Bought a meat ration for 70 gold pieces
 26890 | Orc:3    | Noticed Erolcha
 26893 | Orc:3    | Received a gift from Yredelemnul
 26901 | Orc:3    | Killed Erolcha
 26901 | Orc:3    | Enslaved Erolcha
 27115 | Orc:3    | Found Pnaaja Henug's Armour Shoppe.
 27143 | Orc:3    | Bought a +0 pair of gloves for 72 gold pieces
 27159 | Orc:3    | Noticed Sonja
 27205 | Orc:3    | Killed Sonja
 27366 | Orc:3    | Found Caxi's Antique Armour Emporium.
 27375 | Orc:3    | Bought a smelly scale mail for 261 gold pieces
 27375 | Orc:3    | Bought a heavily runed chain mail for 275 gold pieces
 27444 | Orc:3    | Identified the cursed +3 scale mail of the Twelve Lies {Dex-3 Int+2} (You bought it in a shop on level 3 of the Orcish Mines)
 27460 | Orc:3    | Identified the cursed +0 chain mail of Starshine {rF++ Acc+5 Stlth} (You bought it in a shop on level 3 of the Orcish Mines)
 28697 | Orc:4    | Entered Level 4 of the Orcish Mines
 28713 | Orc:4    | Found a staircase to the Elven Halls.
 28765 | Orc:4    | Received a gift from Yredelemnul
 28809 | Orc:4    | Found an iron altar of Okawaru.
 28865 | Orc:4    | Found Fievobek's Antique Weapon Shop.
 29083 | Orc:4    | Noticed an orc warlord
 29494 | Orc:4    | Killed an orc warlord
 29843 | Orc:4    | Reached skill level 10 in Shields
 30028 | Orc:4    | Found Kale's General Store.
 30029 | Orc:4    | Found Vowyuf's Book Emporium.
 30030 | Orc:4    | Found Hitaaq's Antique Armour Shoppe.
 30030 | Orc:4    | Found Qetaun's Antique Weapon Shoppe.
 30034 | Orc:4    | Bought a pair of glowing boots for 103 gold pieces
 30038 | Orc:4    | Bought a pitted trident for 255 gold pieces
 30039 | Orc:4    | Identified the +10,+3 trident of Shrium {venom, rC+} (You bought it in a shop on level 4 of the Orcish Mines)
 30049 | Orc:4    | Bought a scroll of identify for 26 gold pieces
 31535 | D:14     | Found Nujiuc's Armour Shop.
 31548 | D:14     | Received a gift from Yredelemnul
 32187 | D:15     | Entered Level 15 of the Dungeon
 32210 | D:15     | Received a gift from Yredelemnul
 32342 | D:15     | Found a blossoming altar of Fedhas.
 32342 | D:15     | Found a blossoming altar of Fedhas.
 32354 | D:15     | Noticed a storm dragon
 32365 | D:15     | Killed a storm dragon
 32633 | D:15     | Received a gift from Yredelemnul
 32711 | D:15     | Found a gate to the Vaults.
 32940 | D:15     | Received a gift from Yredelemnul
 33551 | D:16     | Entered Level 16 of the Dungeon
 33667 | D:16     | Received a gift from Yredelemnul
 33671 | D:16     | Found a staircase to the Depths.
 34062 | D:16     | Reached XP level 15. HP: 126/137 MP: 27/27
 34063 | D:16     | Received a gift from Yredelemnul
 34175 | D:16     | Found a blossoming altar of Fedhas.
 34648 | Spider:1 | Entered Level 1 of the Spider Nest
 34757 | Spider:1 | Reached skill level 15 in Shields
 34878 | Spider:1 | Paralysed by a potion of paralysis for 6 turns
 34956 | Spider:1 | Identified a scroll of acquirement
 34957 | Spider:1 | Got a steaming plate armour
 34979 | Spider:1 | Identified the +3 plate armour of Niril {rF+ rC+ Int+2} (You acquired it on level 1 of the Spider Nest)
 35015 | Spider:1 | Received a gift from Yredelemnul
 35211 | Spider:1 | Reached skill level 1 in Unarmed Combat
 35548 | Spider:1 | Reached skill level 1 in Spellcasting
 36654 | Spider:2 | Received a gift from Yredelemnul
 36703 | Spider:2 | Noticed Donald
 36713 | Spider:2 | Killed Donald
 36961 | Spider:3 | Noticed Norris
 36973 | Spider:3 | Killed Norris
 37129 | Spider:3 | Received a gift from Yredelemnul
 37184 | Spider:3 | Got an ancient cloak
 37189 | Spider:3 | Identified the cursed -2 cloak of Salvation {rPois MR++} (You found it on level 3 of the Spider Nest)
 37204 | Spider:3 | Your ally Norris died
 37389 | Spider:3 | Received a gift from Yredelemnul
 37785 | Spider:4 | Received a gift from Yredelemnul
 37973 | Spider:4 | Received a gift from Yredelemnul
 37999 | Spider:4 | Upgraded the game from 0.14-a0-3120-g6e425e4 to 0.14-a0-3147-g40b18b1
 38326 | Spider:5 | Entered Level 5 of the Spider Nest
 38340 | Spider:5 | Got a jewelled trident
 38341 | Spider:5 | Identified the +8,+8 trident "Ibio" {drain, rN+ Str+1 Int+1} (You found it on level 5 of the Spider Nest)
 38687 | Spider:5 | Received a gift from Yredelemnul
 38837 | Spider:5 | Reached XP level 16. HP: 116/145 MP: 28/28
 38925 | Spider:5 | Received a gift from Yredelemnul
 38964 | Spider:5 | Your ally Erolcha died
 39081 | Spider:5 | Got a gossamer rune of Zot
 39300 | Spider:5 | Reached skill level 5 in Summonings
 39426 | Spider:5 | Received a gift from Yredelemnul
 40307 | Shoals:1 | Entered Level 1 of the Shoals
 40366 | Lair:5   | Reached skill level 5 in Charms
 40786 | Shoals:1 | Received a gift from Yredelemnul
 41284 | Shoals:1 | Reached skill level 15 in Fighting
 41829 | Shoals:2 | Noticed Rupert
 41831 | Shoals:2 | Paralysed by Rupert for 2 turns
 41845 | Shoals:2 | Killed Rupert
 42475 | Shoals:3 | Noticed Ilsuiw
 42492 | Shoals:3 | Received a gift from Yredelemnul
 42493 | Shoals:3 | Killed Ilsuiw
 43596 | Shoals:4 | Noticed Polyphemus
 44071 | Shoals:4 | Received a gift from Yredelemnul
 44127 | Shoals:4 | Noticed Aizul
 44143 | Shoals:4 | Killed Aizul
 44151 | Shoals:4 | Noticed Saint Roka
 44153 | Shoals:4 | Killed Polyphemus
 44153 | Shoals:4 | Reached skill level 16 in Fighting
 44158 | Shoals:5 | Entered Level 5 of the Shoals
 44158 | Shoals:5 | Noticed Louise
 44285 | Shoals:5 | Noticed Jorgrun
 44299 | Shoals:5 | Killed Jorgrun
 44321 | Shoals:5 | Reached skill level 15 in Armour
 44484 | Shoals:5 | Paralysed by Louise for 2 turns
 44487 | Shoals:5 | Killed Louise
 44487 | Shoals:5 | Enslaved Louise
 44691 | Shoals:5 | Reached XP level 17. HP: 154/157 MP: 28/28
 44801 | Shoals:5 | Your ally Jorgrun died
 44811 | Shoals:5 | Received a gift from Yredelemnul
 45018 | Shoals:5 | Got a barnacled rune of Zot
 45607 | Shoals:5 | Reached skill level 17 in Fighting
 46579 | Shoals:4 | Killed Saint Roka
 47073 | Shoals:4 | Noticed Snorg
 47079 | Shoals:4 | Received a gift from Yredelemnul
 47082 | Shoals:4 | Killed Snorg
 47089 | Shoals:4 | Identified Vehumet's Disquisition on Confrontation and Lightness
 47491 | Lair:2   | Learned a level 3 spell: Abjuration
 47494 | Lair:2   | Learned a level 2 spell: Blink
 47522 | Lair:2   | Learned a level 1 spell: Confusing Touch
 47738 | Vaults:1 | Entered Level 1 of the Vaults
 47754 | Vaults:1 | Reached skill level 1 in Hexes
 48443 | Vaults:1 | Received a gift from Yredelemnul
 48698 | Vaults:1 | HP: 2/159 [deep troll[an ironheart preserver] (32)]
 48973 | Vaults:1 | Reached skill level 5 in Hexes
 49213 | Vaults:1 | Received a gift from Yredelemnul
 49357 | Vaults:1 | Your ally Louise died
 49463 | Vaults:1 | Received a gift from Yredelemnul
 50042 | Vaults:2 | Reached XP level 18. HP: 143/168 MP: 29/29
 50460 | Vaults:2 | Found a staircase to the Crypt.
 51758 | Vaults:2 | Reached skill level 1 in Air Magic
 51767 | Vaults:2 | Found Twacaage's Book Emporium.
 51772 | Vaults:2 | Noticed Mara
 51773 | Vaults:2 | Noticed ProjectEKO's illusion
 51780 | Vaults:2 | Noticed ProjectEKO's illusion
 51786 | Vaults:2 | Killed ProjectEKO's illusion
 51791 | Vaults:2 | Killed Mara
 53749 | Vaults:3 | Noticed Margery
 53765 | Vaults:3 | Killed Margery
 54993 | Vaults:4 | Received a gift from Yredelemnul
 55381 | Vaults:4 | Found a staircase to the Hall of Blades.
 55883 | Vaults:4 | Received a gift from Yredelemnul
 56070 | Vaults:4 | Found Bixec's Gadget Emporium.
 56266 | Vaults:4 | Received a gift from Yredelemnul
 56472 | Vaults:4 | Reached XP level 19. HP: 145/175 MP: 30/30
 56854 | Vaults:5 | Entered Level 5 of the Vaults
 56874 | Vaults:4 | Received a gift from Yredelemnul
 57792 | Vaults:5 | Reached skill level 10 in Hexes
 57844 | Vaults:5 | Received a gift from Yredelemnul
 58092 | Vaults:5 | Noticed Frederick
 58098 | Vaults:5 | Received a gift from Yredelemnul
 58098 | Vaults:5 | Killed Frederick
 58100 | Vaults:5 | Noticed a golden dragon
 58480 | Vaults:4 | Killed a golden dragon
 59361 | Lair:2   | Learned a level 5 spell: Silence
 59762 | Blade    | Entered the Hall of Blades
 61676 | Vaults:5 | Received a gift from Yredelemnul
 61861 | Vaults:5 | Noticed an ancient lich
 61869 | Vaults:5 | Killed an ancient lich
 62295 | Vaults:5 | Noticed Sojobo
 62323 | Vaults:5 | Killed Sojobo
 62403 | Vaults:5 | Got a fine plate armour
 62415 | Vaults:5 | Identified the -11 plate armour of Dithmenos' Scorn {+Inv rF+ Str+3} (You found it on level 5 of the Vaults)
 62572 | Vaults:5 | Received a gift from Yredelemnul
 63367 | Vaults:5 | Reached XP level 20. HP: 109/182 MP: 23/30
 63378 | Vaults:5 | Noticed a bone dragon
 63389 | Vaults:5 | Killed a bone dragon
 63759 | Vaults:5 | Noticed Xtahua
 63770 | Vaults:5 | Killed Xtahua
 64010 | Vaults:5 | Noticed a golden dragon
 64019 | Vaults:5 | Killed a golden dragon
 64284 | Vaults:5 | Got a pair of faintly glowing boots
 64342 | Vaults:5 | Identified the +4 pair of boots of Naestreaf {Dex+4} (You found it on level 5 of the Vaults)
 64503 | Vaults:5 | Received a gift from Yredelemnul
 64848 | Vaults:5 | Got a silver rune of Zot
 65586 | Lair:2   | Learned a level 2 spell: Shroud of Golubria
 65808 | Depths:1 | Entered Level 1 of the Depths
 66050 | Depths:1 | Found a gateway to Hell.
 66171 | Depths:1 | Noticed purge's ghost (mighty DsFi)
 66601 | Depths:1 | Killed purge's ghost
 66690 | Depths:1 | Received a gift from Yredelemnul
 67828 | Depths:1 | Paralysed by a giant eyeball for 2 turns
 67835 | Depths:1 | Paralysed by a giant eyeball for 3 turns
 67885 | Depths:1 | Received a gift from Yredelemnul
 68238 | Depths:1 | Paralysed by a giant eyeball for 3 turns
 68248 | Depths:1 | Paralysed by a giant eyeball for 2 turns
 68266 | Depths:1 | Paralysed by a giant eyeball for 2 turns
 68271 | Depths:1 | Paralysed by a giant eyeball for 2 turns
 68329 | Depths:1 | Found a portal to a secret trove of treasure.
 69264 | Depths:2 | Found Liliev's Assorted Antiques.
 69500 | Depths:2 | Bought a pair of encrusted gloves for 285 gold pieces
 69504 | Depths:2 | Identified the +0 pair of gloves "Trodutagh" {rF+ rC++ rN+ Dex+2} (You bought it in a shop on level 2 of the Depths)
 69596 | Depths:2 | Received a gift from Yredelemnul
 69606 | Depths:2 | Slain by a deep troll earth mage

Action                   |  1- 3 |  4- 6 |  7- 9 | 10-12 | 13-15 | 16-18 | 19-21 || total
-------------------------+-------+-------+-------+-------+-------+-------+-------++-------
Melee: Spear             |    82 |   145 |    32 |     9 |       |       |       ||   268
       Trident           |       |       |   592 |   834 |  2339 |  1546 |   103 ||  5414
       Demon trident     |       |       |       |       |       |       |   768 ||   768
 Fire: Blowgun           |       |       |    26 |     6 |       |       |       ||    32
Throw: Javelin           |       |       |     6 |     5 |       |       |     5 ||    16
       Throwing net      |       |       |     1 |       |       |       |       ||     1
 Cast: Regeneration      |       |       |       |       |       |    13 |     8 ||    21
       Repel Missiles    |       |       |       |       |       |     9 |     5 ||    14
       Abjuration        |       |       |       |       |       |    12 |     9 ||    21
       Shroud of Golubri |       |       |       |       |       |       |    12 ||    12
Invok: Animate Remains   |       |     6 |    10 |       |       |       |       ||    16
       Injury Mirror     |       |     1 |       |       |       |       |       ||     1
       Animate Dead      |       |       |    18 |    64 |   121 |    91 |    39 ||   333
       Recall Undead Sla |       |       |     4 |    13 |    22 |    27 |    21 ||    87
       Enslave Soul      |       |       |       |     1 |     2 |     6 |     6 ||    15
       Drain Life        |       |       |       |       |     1 |     2 |       ||     3
 Abil: Breathe Fire      |       |       |     1 |       |       |       |       ||     1
       Stop Flying       |       |       |       |       |       |     1 |     1 ||     2
       Evoke Flight      |       |       |       |       |       |     1 |       ||     1
Evoke: Wand              |       |       |       |     3 |    14 |     3 |    22 ||    42
       Rod               |       |       |       |       |     3 |     3 |       ||     6
       Deck              |       |       |       |       |     1 |       |       ||     1
  Use: Scroll            |     3 |     4 |    14 |    11 |    21 |    13 |    28 ||    94
       Potion            |       |    11 |     8 |     7 |     9 |     6 |     8 ||    49
 Stab: Distracted        |       |       |       |    11 |    15 |    29 |    13 ||    68
       Held in net/web   |       |       |       |       |       |     1 |       ||     1
       Paralysed         |       |       |       |       |       |     1 |       ||     1
       Invisible         |       |       |       |       |       |       |     2 ||     2
